cohdb
Replays
Latest Replays
All Replays
Popular Replays
Top Player Replays
Match Explorer
How It Works
Community
CoH3 Stats
Reddit
Sign in to upload your games and track your stats! →
Sign in with Steam
Match 42796438
Unlisted
Match 42796438
Overview
Messages
Build Orders
End
Pioneer Squad
Construct Infanterie Kompanie
Grenadier Squad
Selects Mechanized Battlegroup
MG 42 Machine Gun Team
Grenadier Squad
Construct Luftwaffe Kompanie
Infanterie Officer Quarters
Jäger Squad
221 Scout Car
Selects Raid Package
Selects Mobile Repair Stations
Jäger Squad
Pin0kyo
Brit Dingo+Eng+MG=GG
~TAB~ THUND3RCHUNKY
TechBee
0
0
Comments
sign in to comment!
No comments posted yet!